 Dungeon Crawl Stone Soup version 0.21.1-1-g345015fe64 (webtiles) character file.

37 Oravi the Changer (level 3, 0/26 HPs)
             Began as a Merfolk Transmuter on Apr 13, 2018.
             Killed from afar by an orc wizard (7 damage)
             ... with a magic dart
             ... on level 3 of the Dungeon.
             The game lasted 00:04:35 (1778 turns).

Oravi the Changer (Merfolk Transmuter)              Turns: 1778, Time: 00:04:35

Health: 0/26       AC:  4    Str: 15    XL:     3   Next: 39%
Magic:  5/6        EV: 13    Int: 13    God:
Gold:   131        SH:  0    Dex: 14    Spells: 0/6 levels left

rFire    . . .     SeeInvis .     - Unarmed
rCold    . . .     Gourm    .   (no shield)
rNeg     . . .     Faith    .   b - +0 robe
rPois    .         Spirit   .   e - +1 hat
rElec    .         Reflect  .   (no cloak)
rCorr    .         Harm     .   (no gloves)
MR       .....                  j - +0 pair of boots
Stlth    +.........             k - amulet of regeneration
HPRegen  0.48/turn              (no ring)
MPRegen  0.10/turn              (no ring)

@: confused, mighty, lethally poisoned (0 -> -17), slowed, very slow
A: change form in water, swift swim, stealthy swim
a: no special abilities


You were on level 3 of the Dungeon.
You were not hungry.

You visited 1 branch of the dungeon, and saw 3 of its levels.

You collected 131 gold pieces.

Inventory:

Missiles
 a - 12 arrows
Armour
 b - a +0 robe (worn)
 e - a +1 hat (worn)
 j - a +0 pair of boots (worn)
Jewellery
 k - an amulet of regeneration (around neck)
Scrolls
 f - a scroll of teleportation
 g - a scroll of immolation
 n - a scroll of remove curse
Potions
 i - 3 potions of curing {unknown}
 l - a potion of invisibility {unknown}
 m - a potion of cancellation {unknown}
 p - a potion of heal wounds {unknown}
Books
 c - a book of Changes

   Spells                             Type                      Level
   a - Beastly Appendage              Transmutation                1
   b - Sticks to Snakes               Transmutation                2
   c - Spider Form                    Transmutation/Poison         3
   d - Ice Form                       Ice/Transmutation            4
   e - Blade Hands                    Transmutation                5
Comestibles
 d - 2 rations
 o - a chunk of flesh


   Skills:
 + Level 1.2 Fighting
 + Level 3.0 Dodging
 + Level 3.8 Unarmed Combat
 - Level 2.0 Spellcasting
 * Level 4.0 Transmutations
 * Level 0.2 Poison Magic


You couldn't memorise any spells.
You knew the following spells:

 Your Spells              Type           Power        Failure   Level  Hunger
a - Beastly Appendage     Tmut           ##....       4%          1    ##.....
b - Sticks to Snakes      Tmut           ##......     8%          2    ###....
c - Spider Form           Tmut/Pois      #.........   32%         3    ####...


Dungeon Overview and Level Annotations

Branches:
Dungeon (3/15)

Altars:


Message History

You hear some strange, mumbled words.
You are confused.
You bump into the rock wall.
The orc wizard misses you. Something hits you.
You are poisoned.
The orc wizard hits you with a dagger.
It was a potion of might.
You feel very mighty all of a sudden.
Your transformation has ended.
Your +1 hat unmelds from your body.
Your +0 pair of boots unmelds from your body.
Your +0 robe unmelds from your body.
You feel very sick. The orc wizard hits you with a dagger. Something hits you.
* * * LOW HITPOINT WARNING * * *
You are more poisoned.
The orc wizard gestures wildly while chanting.
The orc wizard blinks!
You hear some strange, mumbled words.
A magic dart appears from out of thin air!
The magic dart hits you!
You die...

..##.##......)......#
..# #############.#
#.....#)# #.......#
#.#####.### .
#.........#
.....####.#.#
.....####.#.#
lo.....ยง@.#.#
.....######.# ... #.#
. #.. ###


You could see an orc wizard.

Vanquished Creatures
  A dart slug (D:2)
  A worm (D:2)
  2 orcs (D:3)
  4 bats
  2 giant cockroaches (D:2)
  7 goblins
  3 hobgoblins
  A frilled lizard (D:2)
  2 kobolds
  6 rats
29 creatures vanquished.

Notes
Turn   | Place    | Note
-------+----------+-------------------------------------------
     0 | D:1      | Oravi the Merfolk Transmuter began the quest for the Orb.
     0 | D:1      | Reached XP level 1. HP: 15/15 MP: 3/3
    52 | D:1      | Reached skill level 3 in Transmutations
   303 | D:1      | Reached XP level 2. HP: 21/21 MP: 5/5
  1024 | D:2      | Reached XP level 3. HP: 26/26 MP: 4/6
  1028 | D:2      | Learned a level 2 spell: Sticks to Snakes
  1032 | D:2      | Learned a level 3 spell: Spider Form
  1685 | D:3      | Reached skill level 4 in Transmutations
  1778 | D:3      | Killed from afar by an orc wizard

Skill      XL: |  1  2  3 |
---------------+----------+-----
Transmutations | 3 4 |  4.0
Dodging        | 3 |  3.0
Fighting       | |  1.2
Unarmed Combat | |  3.8
Spellcasting   | |  2.0
Poison Magic   | |  0.2

Action                   || total
-------------------------++-------
Melee: Unarmed           ||    72
       Headbutt          ||     6
       Punch             ||     2
 Cast: Beastly Appendage ||    14
       Spider Form       ||     6
  Use: Scroll            ||     6
       Potion            ||     1
  Eat: Chunk             ||     4
Armor: Robe              ||     7
       Skin              ||     2
Dodge: Dodged            ||    64
